 Dungeon Crawl Stone Soup version 0.32-a0-818-gb728d0252e (webtiles) character file.

Game seed: 3903954337568137822

138 smashvw the Magician (level 5, -4/39 HPs)
             Began as a Djinni Ice Elementalist on Mar 24, 2024.
             Slain by an iguana (13 damage)
             ... on level 4 of the Dungeon.
             The game lasted 00:05:24 (2648 turns).

smashvw the Magician (Djinni Ice Elementalist)      Turns: 2648, Time: 00:05:24

Health: -4/39      AC:  2    Str:  7    XL:     5   Next: 45%
Gold:   140        EV: 11    Int: 18    God:
                   SH:  0    Dex: 14

rFire   + + .        h - +0 dagger (venom)
rCold   x . .        (no shield)
rNeg    . . .        a - +0 robe
rPois   ∞            (no helmet)
rElec   .            (no cloak)
rCorr   .            (no gloves)
SInv    .            (boots unavailable)
Will    .....        (no amulet)
Stlth   ++           (no ring)
HPRegen 0.26/turn    (no ring)
MPRegen 0.00/turn

%: infuse magic (-5 HP)
@: flying
A: sickness immunity, fire resistance 2, cold vulnerability 1, float, innate
caster, HP casting, extra vitality 1
a: no special abilities


You were on level 4 of the Dungeon.
You visited 1 branch of the dungeon, and saw 4 of its levels.

You collected 140 gold pieces.

Inventory:

Hand Weapons
 h - a +0 dagger of venom (weapon)
Armour
 a - a +0 robe (worn)
Jewellery
 m - a ring of ice
Wands
 n - a wand of iceblast (8)
Scrolls
 c - a scroll of torment {unknown}
 d - a scroll of revelation {unknown}
 g - 2 scrolls of identify {unknown}
 i - a scroll of poison {unknown}
 j - 2 scrolls of noise {unknown}
 l - 3 scrolls of blinking {unknown}
 o - a scroll of enchant weapon {unknown}
 p - a scroll of fear {unknown}
Potions
 b - a potion of degeneration {unknown}
 e - 2 potions of curing {unknown}
 f - a potion of lignification {unknown}
 k - a potion of heal wounds {unknown}
 q - a potion of attraction {unknown}


   Skills:
 + Level 2.4 Fighting
 - Level 2.1 Dodging
 - Level 1.5 Stealth
 * Level 4.7 Spellcasting
 * Level 4.7 Conjurations
 * Level 4.7 Hexes
   Level 0.0 Charms
 * Level 4.7 Summonings
 * Level 4.7 Necromancy
 * Level 4.7 Translocations
   Level 0.0 Transmutations
 * Level 4.7 Fire Magic
 * Level 4.7 Ice Magic
 * Level 4.7 Air Magic
 * Level 4.7 Earth Magic
 * Level 4.7 Alchemy


You knew the following spells:

 Your Spells              Type           Power      Damage    Failure   Level
a - Freeze                Ice            84%        1d9       1%          1
b - Frozen Ramparts       Ice            42%        1d7       6%          3
c - Ozocubu's Armour      Ice            21%        N/A       6%          3
d - Summon Ice Beast      Ice/Summ       21%        N/A       6%          3
e - Foxfire               Conj/Fire      84%        2x1d8     1%          1
f - Call Imp              Summ           42%        N/A       3%          2
Your spell library was empty.

Dungeon Overview and Level Annotations

Branches:
Dungeon (4/15)
 Temple: D:4-7

Altars:

Shops:
D:1 [   D:4 :(


Innate Abilities, Weirdness & Mutations

You are immune to sickness and miasma.
You are immune to poison.
Your flesh is very heat resistant. (rF++)
You are vulnerable to cold. (rC-)
You float through the air rather than walking.
You learn spells naturally, not from books.
Your magical power is your life essence.
You have superior vitality. (+4 MHP)


Message History

The iguana is lightly wounded.
The iguana bites you!
* * * LOW HITPOINT WARNING * * *
Your ice beast barely misses the iguana.
Found a scroll labelled UKHYOKK ET FADD.
Your ice beast hits the iguana but does no damage.
The iguana bites your ice beast!
Your ice beast hits the iguana.
Your ice beast freezes the iguana.
The iguana bites your ice beast but does no damage.
The iguana barely misses your ice beast.
Your ice beast hits the iguana but does no damage.
Your ice beast hits the iguana but does no damage.
The iguana bites your ice beast!
Your ice beast misses the iguana.
The iguana barely misses your ice beast.
Your ice beast barely misses the iguana.
The iguana barely misses your ice beast.
The iguana bites your ice beast but does no damage.
Your ice beast hits the iguana but does no damage.
Your ice beast hits the iguana but does no damage.
The iguana bites your ice beast!
Your ice beast barely misses the iguana.
The iguana barely misses your ice beast.
The iguana closely misses your ice beast.
Your ice beast hits the iguana but does no damage.
Your ice beast barely misses the iguana.
The iguana barely misses your ice beast.
Your ice beast closely misses the iguana.
The iguana bites your ice beast!
Your ice beast dies!
Your ice beast disappears in a puff of smoke!
The iguana hisses angrily.
You are too injured to fight recklessly!
You are too injured to fight recklessly!
Casting: Freeze (safe; 1% risk of failure)
Confirm with . or Enter, or press ? or * to list all spells.
A chill wind blows around you.
* * * LOW HITPOINT WARNING * * *
The iguana bites you!
You die...

##......#.. ...
.........## ... . ...
#..∩.## ..# ..
##.###....#...# ...
#........<..# ....
###..#....### .....##
#.........#
.......##......†....#
..∩.....@l...$...##..
.....#.#Y........# .
... ###....?.....# .
#..##........
..........#..
...........#
....#....####
##........ #... ..?


You could see an iguana (ally target) and a friendly ice beast (summoned).

Vanquished Creatures
  2 adders
  2 dart slugs
  An orc (D:3)
  7 bats
  2 endoplasms (D:2)
  8 giant cockroaches
  A goblin (D:1)
  5 hobgoblins
  4 jackals (D:3)
  3 quokkas
  7 ball pythons
  6 kobolds
  5 rats
53 creatures vanquished.

Vanquished Creatures (collateral kills)
  4 gnolls (D:3)
  An adder (D:4)
  A ball python (D:2)
  2 endoplasms (D:3)
  A goblin (D:3)
  3 jackals (D:3)
  A kobold (D:3)
13 creatures vanquished.

Grand Total: 66 creatures vanquished

Notes
Turn   | Place    | Note
-------+----------+-------------------------------------------
     0 | D:1      | smashvw the Djinni Ice Elementalist began the quest for the
                  | Orb.
     0 | D:1      | smashvw set off with the following spells memorised:
                  | Freeze, Frozen Ramparts, Ozocubu's Armour, Summon Ice
                  | Beast.
     0 | D:1      | Reached XP level 1. HP: 15/15 MP: 0/0
   121 | D:1      | Reached XP level 2. HP: 18/22 MP: 0/0
   241 | D:1      | Found Dohudux's Armour Shop.
   290 | D:1      | Reached skill level 1 in Fighting
   346 | D:1      | Reached XP level 3. HP: 19/27 MP: 0/0
   346 | D:1      | Learned a level 1 spell: Foxfire
   930 | D:2      | Found a faded altar of an unknown god.
  1517 | D:2      | Reached XP level 4. HP: 32/32 MP: 0/0
  2221 | D:3      | Reached XP level 5. HP: 38/38 MP: 0/0
  2221 | D:3      | Learned a level 2 spell: Call Imp
  2590 | D:4      | Found Ofoucink's Antique Weapon Shop.
  2617 | D:4      | Found Qowoef's Book Emporium.
  2648 | D:4      | Slain by an iguana

Illustrated notes

Levels and vault maps discovered:
D:1:      matt_arrival_grand_opening, layout_rooms, serial_shops, shop,
          serial_bayou_pond_c, dk_noncrumbling_2, kennysheep_decorative_pillar,
          minmay_worlds_worst_comb
D:2:      layout_basic, hellmonk_ecumenical_altar_zigzags, serial_glass,
          glass_columns_a, glass_columns_a
D:3:      layout_loops_ring
D:4:      layout_cave_pools, mainiacjoe_overflow_alcove_3,
          nicolae_wu_jian_immortal_techniques,
          mainiacjoe_overflow_large_starburst, serial_shops, shop, shop, shop,
          shop, minmay_fractal_squares_gapless_5

Skill      XL: |  1  2  3  4 |
---------------+-------------+-----
Fighting       | 1 2 |  2.4
Spellcasting   | 4 |  4.7
Conjurations   | 4 |  4.7
Hexes          | 4 |  4.7
Summonings     | 4 |  4.7
Necromancy     | 4 |  4.7
Translocations | 4 |  4.7
Fire Magic     | 4 |  4.7
Ice Magic      | 4 |  4.7
Air Magic      | 4 |  4.7
Earth Magic    | 4 |  4.7
Alchemy        | 4 |  4.7
Dodging        | |  2.1
Stealth        | |  1.5

Action                     |  1- 3 |  4- 6 || total
---------------------------+-------+-------++-------
  Melee: Unarmed           |     8 |       ||     8
         Dagger            |    41 |    62 ||   103
   Cast: Freeze            |    32 |     4 ||    36
         Frozen Ramparts   |     4 |       ||     4
         Summon Ice Beast  |     2 |    11 ||    13
         Ozocubu's Armour  |     1 |       ||     1
         Call Imp          |       |     3 ||     3
   Stab: Sleeping          |     2 |     1 ||     3
 Armour: Robe              |    51 |    37 ||    88
  Dodge: Dodged            |    65 |    49 ||   114

Table legend: (Time is in decaauts)
 A = Elapsed time spent in this place.
 B = Non-inter-level travel time spent in this place.
 C = Inter-level travel time spent in this place.
 D = Time resting spent in this place.
 E = Time spent auto-exploring this place.
 F = Levels seen in this place.
 G = Mean time per level.
                   A        B        C        D        E       F      G
               +--------+--------+--------+--------+--------+-----+--------+
         Total |   2646 |   2605 |     41 |      0 |   2131 |   4 |  661.5 |
       Dungeon |   2646 |   2605 |     41 |      0 |   2131 |   4 |  661.5 |
               +--------+--------+--------+--------+--------+-----+--------+

Top non-repeatable levels by time:
     D:2: 957 daAuts
     D:3: 901 daAuts
     D:1: 729 daAuts
     D:4: 57 daAuts
